 Dungeon Crawl Stone Soup version 0.26-a0-708-g17f3b190f9 (webtiles) character file.

Game seed: 15386119602831625907

9 P0NYSLAYSTATION the Skirmisher (level 2, 0/27 HPs)
             Began as a Hill Orc Monk on Oct 29, 2020.
             Killed by divine providence
             ... invoked by an orc priest
              (13 damage)
             ... on level 2 of the Dungeon.
             The game lasted 00:02:00 (518 turns).

P0NYSLAYSTATION the Skirmisher (Hill Orc Monk)       Turns: 518, Time: 00:02:01

Health: 0/27       AC:  5    Str: 10 (13) XL:     2   Next: 16%
Magic:  2/2        EV: 10    Int:  8 (10) God:
Gold:   28         SH:  0    Dex: 11 (13) Spells: 1/1 levels left

rFire    . . .     SeeInvis .   a - +0 falchion
rCold    . . .     Faith    .   (no shield)
rNeg     . . .     Spirit   .   f - +0 ring mail
rPois    .         Reflect  .   (no helmet)
rElec    .         Harm     .   (no cloak)
rCorr    .         Rampage  .   (no gloves)
MR       .....                  (no boots)
Stlth    +.........             (no amulet)
HPRegen  0.09/turn              (no ring)
MPRegen  0.08/turn              (no ring)

@: no status effects
A: no striking features
a: Convert to Beogh


You were on level 2 of the Dungeon.
You visited 1 branch of the dungeon, and saw 3 of its levels.

You collected 28 gold pieces.

Inventory:

Hand Weapons
 a - a +0 falchion (weapon)
Armour
 b - a +0 robe
 f - a +0 ring mail (worn)
Jewellery
 d - a +4 ring of protection {unknown}
Scrolls
 c - a scroll of enchant weapon {unknown}
 g - a scroll of random uselessness {unknown}


   Skills:
 + Level 3.8 Fighting
 + Level 3.5 Long Blades
 + Level 2.5 Dodging
 + Level 1.7 Stealth


You had one spell level left.
You didn't know any spells.
Your spell library was empty.

Dungeon Overview and Level Annotations

Branches:
Dungeon (3/15)

Altars:
Okawaru
Xom

Annotations:
D:3 Terence


Message History

You hit the orc priest but do no damage.
The orc priest is heavily wounded.
You barely miss the orc priest.
The orc priest is heavily wounded.
The orc barely misses you.
The orc priest calls upon Beogh to heal the orc.
The orc's wounds heal themselves!
Unknown command.
You hit the orc priest but do no damage.
The orc priest is heavily wounded.
The orc hits you.
The orc priest looks braver for a moment.
You hit the orc priest but do no damage.
The orc priest shouts, "Beogh is our master!
Accept the truth or die!"
The orc priest is heavily wounded.
The orc barely misses you.
You riposte.
You hit the orc.
The orc is heavily wounded.
The orc priest mumbles some strange prayers to Beogh against you.
Beogh smites you!
You die...

#.#######
.....lo@#
#.#####o# #.#
#.# #.# #.# #
#####.#.###.#
#............
#.#####.#####


You could see an orc priest, an orc and a frilled lizard.

Vanquished Creatures
  A leopard gecko (D:2)
  A bat (D:1)
  2 giant cockroaches (D:2)
  2 goblins (D:2)
  A rat (D:3)
7 creatures vanquished.

Notes
Turn   | Place    | Note
-------+----------+-------------------------------------------
     0 | D:1      | P0NYSLAYSTATION the Hill Orc Monk began the quest for the
                  | Orb.
     0 | D:1      | Reached XP level 1. HP: 19/19 MP: 1/1
   220 | D:3      | Found a shimmering altar of Xom.
   220 | D:3      | Noticed Terence
   221 | D:3      | Noticed a crimson imp
   221 | D:3      | Noticed a crimson imp
   222 | D:3      | Noticed a crimson imp
   222 | D:3      | Noticed a crimson imp
   228 | D:2      | Found an iron altar of Okawaru.
   458 | D:2      | Reached XP level 2. HP: 27/27 MP: 2/2
   518 | D:2      | Killed from afar by an orc priest

Illustrated notes

Levels and vault maps discovered:
D:1:      lightli_arrival_isolated_outpost, layout_loops_ring
D:2:      layout_basic, okawaru_metal_pillars_1_2, roderic_lattice_a,
          kennysheep_potato
D:3:      layout_loops_ring, led_xom_imps, minmay_lizard_king, uniq_ijyb,
          uniq_terence

Action                   || total
-------------------------++-------
Melee: Falchion          ||    38
  Use: Potion            ||     2
 Stab: Sleeping          ||     3
Armor: Robe              ||     7
       Ring mail         ||     5
Dodge: Dodged            ||    32
       Rpst.: Falchion   ||     9

Table legend: (Time is in decaauts)
 A = Elapsed time spent in this place.
 B = Non-inter-level travel time spent in this place.
 C = Inter-level travel time spent in this place.
 D = Time resting spent in this place.
 E = Time spent auto-exploring this place.
 F = Levels seen in this place.
 G = Mean time per level.
                   A        B        C        D        E       F      G
               +--------+--------+--------+--------+--------+-----+--------+
         Total |    526 |    513 |     13 |      0 |    336 |   3 |  175.3 |
       Dungeon |    526 |    513 |     13 |      0 |    336 |   3 |  175.3 |
               +--------+--------+--------+--------+--------+-----+--------+

Top non-repeatable levels by time:
     D:2: 430 daAuts
     D:1: 65 daAuts
     D:3: 31 daAuts
